[Event "Titled Tuesday Blitz August 08 Late 2023"]
[White "Berezin, Viktor"]
[Black "Lalanne, Pablo"]
[WhiteFideId "14107872"]
[BlackFideId "112151"]
[WhiteElo "2469"]
[BlackElo "2322"]
[Result "1-0"]
[Round "8"]
[TimeControl "180+1"]
[Date "2023.08.08"]
[WhiteClock "0:00:11"]
[BlackClock "0:00:22"]
[Board "111"]

1. g3 d5 2. Bg2 e6 3. d3 c5 4. Nf3 Nf6 5. O-O Nc6 6. Nbd2 Be7 7. e4 Qc7 8. Re1 b6 9. c3 Bb7 10. a4 a6 11. Qc2 O-O 12. b3 b5 13. Bb2 Rac8 14. axb5 axb5 15. Nf1 dxe4 16. dxe4 Rfd8 17. Ne3 b4 18. Nc4 bxc3 19. Bxc3 Nd4 20. Nxd4 cxd4 21. Ba5 Qb8 22. Bxd8 Bxd8 23. Qd3 e5 24. Rec1 Be7 25. Nb6 Rxc1+ 26. Rxc1 g6 27. h3 Bxe4 28. Bxe4 Qxb6 29. Bf3 Kg7 30. Rc6 Qb4 31. Kg2 h5 32. Qe2 Qa5 33. Ra6 Qc5 34. b4 Qc7 35. b5 Bc5 36. Rc6 Qe7 37. b6 e4 38. Bxe4 Nxe4 39. b7 d3 40. Qxd3 Qxb7 41. Qxe4 Qe7 42. Qf3 Bd4 43. h4 Bf6 44. Rc4 Qe5 45. Re4 Qd6 46. Rf4 Qe6 47. Rb4 Qd6 48. Rb3 Qe6 49. Ra3 Qd6 50. Ra8 Qe6 51. Rb8 Qd6 52. Rb1 Qe6 53. Rd1 Qe5 54. Rd3 Qe6 55. Re3 Qd6 56. Re4 Qc6 57. g4 hxg4 58. Rxg4 Qe6 59. h5 Qe5 60. hxg6 fxg6 61. Qb7+ Be7 62. Re4 Qg5+ 63. Kf1 Qc1+ 64. Re1 Qc4+ 65. Kg1 Qg4+ 66. Qg2 Qxg2+ 67. Kxg2 Kf7 68. Kf3 Bf6 69. Re4 Be7 70. Kg4 Bf6 71. f4 Kg7 72. Ra4 Kf7 73. Ra7+ Ke6 74. Ra6+ Kf7 75. Kf3 Ke7 76. Ke4 Kf7 77. Kd5 g5 78. f5 g4 79. Ra7+ Kg8 80. Ke6 Bd4 81. Ra4 1-0


[Site "https://www.chess.com"]

[Event "Titled Tuesday Blitz August 08 Late 2023"]
[White "Tqebuchava, Zurab"]
[Black "kiwibobo"]
[WhiteFideId "13601113"]
[WhiteElo "2268"]
[BlackElo "2383"]
[Result "1/2-1/2"]
[Round "8"]
[TimeControl "180+1"]
[Date "2023.08.08"]
[WhiteClock "0:00:27"]
[BlackClock "0:01:19"]
[Board "113"]

1. e4 e5 2. Nf3 Nc6 3. Bb5 a6 4. Ba4 Nf6 5. O-O b5 6. Bb3 Bc5 7. Nxe5 Nxe5 8. d4 Bxd4 9. Qxd4 d6 10. Qe3 O-O 11. h3 Bb7 12. Nc3 c5 13. Bd5 Nxd5 14. Nxd5 Bxd5 15. exd5 Qf6 16. Qg3 h6 17. Bd2 b4 18. Bf4 Rad8 19. Bxe5 dxe5 20. Rfd1 e4 21. Qb3 Qe5 22. Qc4 Qxb2 23. Rab1 Qc3 24. Qxc3 bxc3 25. Rb3 Rd6 26. Rxc3 Rc8 27. Rc4 f5 28. Kf1 Kf7 29. Ke2 Kf6 1/2-1/2


[Site "https://www.chess.com"]

[Event "Titled Tuesday Blitz August 08 Late 2023"]
[White "Leschinsky, Gary"]
[Black "Kohler, Aran"]
[WhiteFideId "30951321"]
[BlackFideId "1002856"]
[WhiteElo "2372"]
[BlackElo "2264"]
[Result "1-0"]
[Round "8"]
[TimeControl "180+1"]
[Date "2023.08.08"]
[WhiteClock "0:00:13"]
[BlackClock "0:00:00"]
[Board "114"]

1. d4 d5 2. c4 c6 3. Nf3 Nf6 4. g3 e6 5. Bg2 Nbd7 6. O-O dxc4 7. Qc2 Nb6 8. a4 a5 9. Nbd2 Nfd5 10. Nxc4 Nxc4 11. Qxc4 Bd7 12. e4 b5 13. Qe2 Nb6 14. axb5 cxb5 15. d5 Bc5 16. dxe6 fxe6 17. Ng5 Qf6 18. e5 Qe7 19. Bxa8 Nxa8 20. Rxa5 O-O 21. Qh5 h6 22. Ne4 Bb6 23. Ra6 Bc6 24. Bg5 Qb7 25. Rxb6 Nxb6 26. Nd6 Qd7 27. Bxh6 gxh6 28. Qg6+ Qg7 29. Qxe6+ Kh8 30. Nf5 Qd7 31. Qxh6+ Kg8 32. Qg6+ Kh8 33. e6 Qh7 34. e7 Rg8 35. Qf6+ Rg7 36. Nxg7 Qxg7 37. Qf8+ Kh7 38. e8=Q Bxe8 39. Qxe8 Nc4 40. Qh5+ Kg8 41. Qxb5 Ne5 42. Qd5+ Kh7 43. Qe4+ Kh8 44. Re1 Ng4 45. Kg2 Nf6 46. Qf3 Kg8 47. h4 1-0


[Site "https://www.chess.com"]

[Event "Titled Tuesday Blitz August 08 Late 2023"]
[White "Topalov, Aleksandar"]
[Black "Sarkar, Justin"]
[WhiteFideId "925659"]
[BlackFideId "2010011"]
[WhiteElo "2369"]
[BlackElo "2241"]
[Result "1-0"]
[Round "8"]
[TimeControl "180+1"]
[Date "2023.08.08"]
[WhiteClock "0:01:43"]
[BlackClock "0:00:00"]
[Board "115"]

1. b3 a5 2. a3 e5 3. Bb2 Nc6 4. c4 Nf6 5. e3 d5 6. cxd5 Nxd5 7. Qc2 Bd6 8. Nf3 O-O 9. d3 Nb6 10. Nbd2 Qe7 11. g3 Bf5 12. Be2 Bh3 13. Nc4 Bg2 14. Rg1 Bh3 15. g4 f5 16. gxf5 Rxf5 17. d4 exd4 18. Nxd4 Nxd4 19. Bxd4 Rg5 20. Rxg5 Qxg5 21. O-O-O Nxc4 22. Bxc4+ Kh8 23. Bb2 1-0


[Site "https://www.chess.com"]

[Event "Titled Tuesday Blitz August 08 Late 2023"]
[White "Polaczek, Richard"]
[Black "Novikova, Margarita"]
[WhiteFideId "200026"]
[BlackFideId "14109689"]
[WhiteElo "2362"]
[BlackElo "2151"]
[Result "1/2-1/2"]
[Round "8"]
[TimeControl "180+1"]
[Date "2023.08.08"]
[WhiteClock "0:01:22"]
[BlackClock "0:01:59"]
[Board "116"]

1. d4 e6 2. c4 Nf6 3. Nc3 Bb4 4. f3 d5 5. a3 Bxc3+ 6. bxc3 c5 7. cxd5 exd5 8. e3 O-O 9. Bd3 Re8 10. Ne2 b6 11. O-O Ba6 12. Ng3 Bxd3 13. Qxd3 Nc6 14. Bb2 Na5 15. Rae1 Nc4 16. Bc1 cxd4 17. cxd4 b5 18. e4 dxe4 19. fxe4 Ne5 20. Qd2 Nc4 21. Qd3 Ne5 22. Qd2 Nc4 23. Qd3 1/2-1/2


[Site "https://www.chess.com"]

[Event "Titled Tuesday Blitz August 08 Late 2023"]
[White "Garmendiarov"]
[Black "Orlov, Georgi"]
[BlackFideId "2011271"]
[WhiteElo "2315"]
[BlackElo "2549"]
[Result "0-1"]
[Round "8"]
[TimeControl "180+1"]
[Date "2023.08.08"]
[WhiteClock "0:00:57"]
[BlackClock "0:01:43"]
[Board "117"]

1. e4 b6 2. d4 Bb7 3. Bd3 e6 4. Nf3 Nf6 5. Qe2 d5 6. e5 Nfd7 7. O-O Be7 8. Bf4 c5 9. c3 Nc6 10. a3 a5 11. Nbd2 a4 12. Rfe1 g5 13. Be3 g4 14. Kh1 gxf3 15. Qxf3 Nf8 16. Bh6 Ng6 17. g3 cxd4 18. h4 dxc3 19. bxc3 Ncxe5 20. Bb5+ Bc6 21. Bxc6+ Nxc6 22. h5 Nge5 23. Qf4 Nd3 24. Qg4 Nxf2+ 0-1


[Site "https://www.chess.com"]

[Event "Titled Tuesday Blitz August 08 Late 2023"]
[White "JERO-8914"]
[Black "AndresDelgado77"]
[WhiteElo "2440"]
[BlackElo "2311"]
[Result "1-0"]
[Round "8"]
[TimeControl "180+1"]
[Date "2023.08.08"]
[WhiteClock "0:01:11"]
[BlackClock "0:00:00"]
[Board "118"]

1. e4 e6 2. d4 d6 3. Nf3 Nf6 4. Nc3 Be7 5. e5 dxe5 6. Nxe5 O-O 7. Bd3 c5 8. dxc5 Bxc5 9. O-O Nbd7 10. Bf4 Nxe5 11. Bxe5 Qe7 12. Qf3 Bd6 13. Bxd6 Qxd6 14. Rad1 Qb4 15. Ne4 Nxe4 16. Qxe4 Qxe4 17. Bxe4 Rb8 18. Rd6 b6 19. Rfd1 Bb7 20. Bxb7 Rxb7 21. Rd7 Rxd7 22. Rxd7 Ra8 23. c4 Kf8 24. b3 Ke8 25. Rb7 h5 26. Kf1 g6 27. Ke2 1-0


[Site "https://www.chess.com"]

[Event "Titled Tuesday Blitz August 08 Late 2023"]
[White "Cooper, Aaron"]
[Black "chessmateto"]
[WhiteFideId "2634945"]
[WhiteElo "2290"]
[BlackElo "2407"]
[Result "0-1"]
[Round "8"]
[TimeControl "180+1"]
[Date "2023.08.08"]
[WhiteClock "0:00:11"]
[BlackClock "0:01:17"]
[Board "120"]

1. e4 c6 2. d4 d5 3. exd5 cxd5 4. Bd3 Nc6 5. c3 Nf6 6. Bf4 Bg4 7. Qb3 Qd7 8. Nd2 e6 9. Ngf3 Bd6 10. Bxd6 Qxd6 11. O-O O-O 12. Rae1 Bxf3 13. Nxf3 Nd7 14. Qc2 h6 15. Qe2 a6 16. Bb1 Rfc8 17. Qd3 Nf8 18. g3 b5 19. a3 Na5 20. Re2 Nc4 21. Rfe1 a5 22. Kg2 b4 23. a4 bxc3 24. bxc3 Rab8 25. Ne5 Nxe5 26. Rxe5 Rc4 27. f4 Rb2+ 28. Kh1 Qc6 29. Rc1 Rb3 30. Re3 Ra3 31. f5 e5 32. dxe5 d4+ 33. Re4 Raxc3 34. Rxc3 Rxc3 0-1


[Site "https://www.chess.com"]

[Event "Titled Tuesday Blitz August 08 Late 2023"]
[White "Rodriguez Santiago, Jaime"]
[Black "Mesa Cruz, Juan Carlos"]
[WhiteFideId "3100898"]
[BlackFideId "6423400"]
[WhiteElo "2278"]
[BlackElo "2407"]
[Result "0-1"]
[Round "8"]
[TimeControl "180+1"]
[Date "2023.08.08"]
[WhiteClock "0:00:17"]
[BlackClock "0:01:15"]
[Board "121"]

1. d4 Nf6 2. c4 e6 3. Nc3 Bb4 4. e3 O-O 5. Ne2 c6 6. a3 Ba5 7. b4 Bc7 8. e4 d5 9. e5 Ne8 10. Ng3 a5 11. Bb2 Nd7 12. c5 f6 13. exf6 Qxf6 14. Qc2 e5 15. dxe5 Nxe5 16. f3 axb4 17. axb4 Rxa1+ 18. Bxa1 Qh4 19. Be2 Qxb4 20. O-O Qxc5+ 21. Kh1 Nd6 22. Qb2 Nec4 23. Bxc4 Nxc4 24. Qc1 Bxg3 25. hxg3 Rf6 0-1


[Site "https://www.chess.com"]

[Event "Titled Tuesday Blitz August 08 Late 2023"]
[White "Gabdushev, Ruslan"]
[Black "Fajdetic, Hrvoje"]
[WhiteFideId "4137833"]
[BlackFideId "14501945"]
[WhiteElo "2375"]
[BlackElo "2264"]
[Result "1-0"]
[Round "8"]
[TimeControl "180+1"]
[Date "2023.08.08"]
[WhiteClock "0:01:06"]
[BlackClock "0:00:04"]
[Board "122"]

1. b3 e5 2. Bb2 d6 3. e3 f5 4. d4 e4 5. d5 Nf6 6. Nh3 Be7 7. Nf4 O-O 8. h4 a5 9. a4 Na6 10. Be2 Nc5 11. Na3 c6 12. Nc4 cxd5 13. Nxd5 Nxd5 14. Qxd5+ Be6 15. Qd2 d5 16. Na3 Bf6 17. O-O-O Bxb2+ 18. Kxb2 Qf6+ 19. Qd4 Rac8 20. Nb5 Qe7 21. f4 Na6 22. Qe5 Nb4 23. Nd4 Rf6 24. g4 fxg4 25. f5 Nc6 26. Nxc6 bxc6 27. fxe6 Rxe6 28. Qg5 Qb4 29. Bxg4 Ree8 30. Bxc8 Rxc8 31. Rhg1 Qb7 1-0


[Site "https://www.chess.com"]

[Event "Titled Tuesday Blitz August 08 Late 2023"]
[White "Fernandez Madrid, Carlos"]
[Black "Ventura Bolet, Maxim"]
[WhiteFideId "2206030"]
[BlackFideId "22238824"]
[WhiteElo "2241"]
[BlackElo "2374"]
[Result "1-0"]
[Round "8"]
[TimeControl "180+1"]
[Date "2023.08.08"]
[WhiteClock "0:01:16"]
[BlackClock "0:00:07"]
[Board "123"]

1. c4 g6 2. Nc3 Bg7 3. g3 d6 4. Bg2 e5 5. d3 f5 6. Nf3 Nf6 7. O-O O-O 8. e4 c6 9. exf5 gxf5 10. Bg5 h6 11. Bh4 Qe8 12. b4 Qh5 13. b5 f4 14. Nd2 Bg4 15. Bf3 Nbd7 16. bxc6 bxc6 17. Nce4 Bxf3 18. Qxf3 Qxf3 19. Nxf3 Nxe4 20. dxe4 Nc5 21. Be7 Nxe4 22. Bxf8 Rxf8 23. Rad1 Rf6 24. Kg2 Bf8 25. Rfe1 Nc3 26. Rd2 c5 27. Rc1 Ne4 28. Re2 Ng5 29. Nxg5 hxg5 30. f3 g4 31. gxf4 Rxf4 32. Rf2 Be7 33. Rb1 Rxc4 34. Rb7 Bh4 35. Rd2 gxf3+ 36. Kxf3 Rf4+ 37. Ke3 Rf6 38. Rg2+ Kf8 39. Rxa7 d5 40. Rgg7 c4 41. Rh7 d4+ 42. Ke4 Kg8 43. Rxh4 c3 44. Rg4+ Kh8 45. Rg2 Rd6 46. Kxe5 Rd8 47. Rc7 d3 48. Rxc3 d2 49. Rh3# 1-0


[Site "https://www.chess.com"]

[Event "Titled Tuesday Blitz August 08 Late 2023"]
[White "Suarez Pousa, Diego"]
[Black "Vaglio Munoz, Jaime"]
[WhiteFideId "2204509"]
[BlackFideId "6500145"]
[WhiteElo "2372"]
[BlackElo "2235"]
[Result "1/2-1/2"]
[Round "8"]
[TimeControl "180+1"]
[Date "2023.08.08"]
[WhiteClock "0:00:09"]
[BlackClock "0:00:48"]
[Board "124"]

1. e4 c5 2. Nc3 Qa5 3. Nf3 a6 4. d4 b5 5. dxc5 e6 6. Bd3 b4 7. Ne2 Bxc5 8. O-O Bb7 9. Bd2 Qb6 10. a3 a5 11. axb4 axb4 12. Rxa8 Bxa8 13. Ng3 Nf6 14. e5 Nd5 15. Ne4 Be7 16. Nfg5 h6 17. Qh5 g6 18. Qh3 Nc6 19. Nd6+ Bxd6 20. exd6 Ne5 21. Be4 Qxd6 22. Bf3 Nxf3+ 23. Nxf3 Nf4 24. Bxf4 Qxf4 25. Ne1 O-O 26. Nd3 Qc4 27. Qxh6 Qxc2 28. Qe3 Qc6 29. Qg3 Qe4 30. Re1 Qd4 31. h4 Be4 32. Nf4 Bf5 33. b3 e5 34. Nh5 d6 35. Kh2 Qc3 36. Re3 Qc8 37. Nf6+ Kg7 38. Nd5 Rh8 39. f4 Qd8 40. fxe5 Qxh4+ 41. Qxh4 Rxh4+ 42. Kg1 dxe5 43. Rxe5 Rd4 44. Ne3 Be4 45. Rb5 f5 46. Nc4 Bc2 47. Rxb4 Bxb3 48. Rb7+ Kh6 49. Ne5 Bd5 50. Rb6 Rd1+ 51. Kh2 Rd2 52. Rxg6+ Kh7 53. Rg5 Be4 54. Nf7 f4 55. Kh3 f3 56. gxf3 Bxf3 57. Kh4 Rd4+ 58. Kg3 Rg4+ 59. Rxg4 Bxg4 1/2-1/2


[Site "https://www.chess.com"]

[Event "Titled Tuesday Blitz August 08 Late 2023"]
[White "Ncatt"]
[Black "Biliy, Vadim"]
[BlackFideId "14114127"]
[WhiteElo "2367"]
[BlackElo "2221"]
[Result "1-0"]
[Round "8"]
[TimeControl "180+1"]
[Date "2023.08.08"]
[WhiteClock "0:01:00"]
[BlackClock "0:00:00"]
[Board "125"]

1. e4 d6 2. d4 Nf6 3. Nc3 g6 4. Nf3 Bg7 5. Be3 O-O 6. Bd3 Nc6 7. h3 e5 8. d5 Ne7 9. Ne2 Ne8 10. O-O f5 11. Bg5 Nf6 12. Nd2 f4 13. c4 a5 14. a3 a4 15. Nc3 Bd7 16. Be2 h5 17. Rc1 Nh7 18. Nf3 Qe8 19. Nb5 Qd8 20. c5 Nxg5 21. Nxg5 Rf6 22. cxd6 cxd6 23. Ne6 Qb6 24. Nbc7 Rc8 25. Qd2 Bh6 26. Bf3 Kh7 27. Rc3 Ng8 28. Rfc1 Bf8 29. Qc2 Kh6 30. Be2 g5 31. Bd1 Rg6 32. Qe2 g4 33. h4 f3 34. Qd2+ Kh7 35. Ng5+ 1-0


[Site "https://www.chess.com"]

[Event "Titled Tuesday Blitz August 08 Late 2023"]
[White "Cmorales2001"]
[Black "Clawitter, Craig"]
[BlackFideId "2023105"]
[WhiteElo "2349"]
[BlackElo "2205"]
[Result "1/2-1/2"]
[Round "8"]
[TimeControl "180+1"]
[Date "2023.08.08"]
[WhiteClock "0:00:20"]
[BlackClock "0:00:10"]
[Board "126"]

1. e4 e6 2. Nf3 d5 3. e5 c5 4. c3 Nc6 5. Na3 Nh6 6. Nc2 Nf5 7. d4 cxd4 8. cxd4 Qa5+ 9. Bd2 Qb6 10. Bc3 Be7 11. Bd3 Bd7 12. O-O O-O 13. Ne3 Nxe3 14. fxe3 f6 15. exf6 Bxf6 16. Qc2 h6 17. a3 e5 18. dxe5 Nxe5 19. Bh7+ Kh8 20. Nd4 Rac8 21. Bf5 Bxf5 22. Qxf5 Nc4 23. Qd3 Nxb2 24. Bxb2 Qxb2 25. Rab1 Qa2 26. Rxb7 Qc4 27. Qd1 Bxd4 28. Rxf8+ Rxf8 29. exd4 Rf4 30. Rb8+ Kh7 31. Qb1+ Re4 32. Rb4 Qe2 33. h3 Qe1+ 34. Qxe1 Rxe1+ 35. Kh2 Ra1 36. Ra4 Rd1 37. Kg3 Kg6 38. Kf3 Rd3+ 39. Ke2 Rg3 40. Rxa7 Rxg2+ 41. Kf3 Ra2 42. Ra5 Kf6 43. h4 g6 44. a4 g5 45. hxg5+ hxg5 46. Rxd5 Rxa4 47. Kg4 Rb4 48. Rd6+ Ke7 49. Rd5 Ke6 50. Re5+ Kf6 51. Rf5+ Ke6 52. Re5+ Kf6 53. Rf5+ Ke6 54. Rxg5 Rxd4+ 55. Kh5 Rd5 56. Rxd5 Kxd5 1/2-1/2


[Site "https://www.chess.com"]

[Event "Titled Tuesday Blitz August 08 Late 2023"]
[White "Fernandez Bustamante, Leancy B."]
[Black "Beulen, Marcel"]
[WhiteFideId "3523870"]
[BlackFideId "1001450"]
[WhiteElo "2199"]
[BlackElo "2347"]
[Result "1-0"]
[Round "8"]
[TimeControl "180+1"]
[Date "2023.08.08"]
[WhiteClock "0:00:08"]
[BlackClock "0:00:00"]
[Board "127"]

1. e4 d5 2. exd5 Qxd5 3. d4 e5 4. dxe5 Qxd1+ 5. Kxd1 Nc6 6. Bb5 Bg4+ 7. Ke1 O-O-O 8. f3 Bf5 9. Bxc6 bxc6 10. Nc3 Bc5 11. Bd2 f6 12. Nge2 fxe5 13. Ng3 Bg6 14. Nce4 Bb6 15. c4 Bd4 16. Bc3 c5 17. Ke2 Nf6 18. Rac1 Rhe8 19. Bxd4 cxd4 20. Kd3 Nxe4 21. fxe4 Rf8 22. Rhf1 Kd7 23. Rxf8 Rxf8 24. Rf1 Rb8 25. Rb1 a5 26. b3 c5 27. h4 h6 28. Nf5 Bxf5 29. exf5 Ke7 30. g4 Kf6 31. Ke4 a4 32. g5+ hxg5 33. hxg5+ Kxg5 34. Rg1+ Kf6 35. Rg6+ Kf7 36. bxa4 Rb4 37. Ra6 Rxc4 38. Kxe5 d3 39. Ra7+ Kg8 40. f6 gxf6+ 41. Kxf6 d2 42. Kg6 Rg4+ 43. Kf5 d1=Q 44. Ra8+ Kh7 45. a5 Ra4 46. Ke6 1-0


[Site "https://www.chess.com"]

[Event "Titled Tuesday Blitz August 08 Late 2023"]
[White "Ortmann, David"]
[Black "Sabar Ethmane Daouda"]
[WhiteFideId "4651588"]
[BlackFideId "19600097"]
[WhiteElo "2324"]
[BlackElo "2192"]
[Result "0-1"]
[Round "8"]
[TimeControl "180+1"]
[Date "2023.08.08"]
[WhiteClock "0:00:16"]
[BlackClock "0:00:11"]
[Board "128"]

1. Nf3 c5 2. c4 d6 3. d4 Nc6 4. d5 Nb8 5. Nc3 e5 6. dxe6 Bxe6 7. g3 Nc6 8. Nd5 Bxd5 9. cxd5 Nce7 10. Bh3 Nf6 11. Qa4+ Nd7 12. Ng5 a6 13. Nxf7 Kxf7 14. Bxd7 Nxd5 15. Qg4 Qe7 16. Bg5 Nf6 17. Bxf6 Qxf6 18. O-O Rd8 19. Rad1 Be7 20. Qc4+ Kf8 21. Bh3 g5 22. e4 Kg7 23. f4 b5 24. Qd5 g4 25. Bxg4 h5 26. Bf3 h4 27. e5 dxe5 28. Qxe5 Qxe5 29. fxe5 hxg3 30. hxg3 Rhf8 31. Bd5 Bg5 32. e6 Rfe8 33. Rf5 Be3+ 34. Kg2 Bd4 35. Rf7+ Kg6 36. Rh1 Rxd5 37. Rhh7 Rxe6 38. g4 Bf6 39. g5 Kxg5 40. Rf8 Re2+ 41. Kf3 Rdd2 42. Rg8+ Kf5 43. Rh5+ Ke6 44. Re8+ Be7 45. Rh6+ Kf7 46. Reh8 Rf2+ 47. Ke4 Rde2+ 48. Kd5 Rf5+ 49. Kc6 Re6+ 50. Rxe6 Kxe6 51. Rh6+ Rf6 52. Rh7 c4 53. Kb6 b4 54. Kxa6 c3 55. bxc3 bxc3 56. Rh3 c2 57. Re3+ Kd7+ 58. Kb5 c1=Q 59. Rd3+ Ke8 60. Rb3 Qc2 61. Ka4 Qxa2+ 62. Kb5 Qxb3+ 63. Ka5 Qe6 64. Kb5 Rf5+ 65. Ka4 Qe4+ 66. Kb3 Rf3+ 67. Kb2 Qe2+ 68. Ka1 Rf1# 0-1


[Site "https://www.chess.com"]

[Event "Titled Tuesday Blitz August 08 Late 2023"]
[White "Gerbelli Neto, Eduardo"]
[Black "Powell, Paul"]
[WhiteFideId "2103281"]
[BlackFideId "2005840"]
[WhiteElo "2318"]
[BlackElo "2186"]
[Result "1-0"]
[Round "8"]
[TimeControl "180+1"]
[Date "2023.08.08"]
[WhiteClock "0:02:31"]
[BlackClock "0:00:12"]
[Board "129"]

1. e4 c5 2. Nc3 Nc6 3. f4 Rb8 4. Nf3 g6 5. Bc4 Bg7 6. O-O e6 7. d3 Nge7 8. Qe1 O-O 9. Qh4 d5 10. Bb3 Nd4 11. f5 exf5 12. Bg5 f6 13. Nxd5 Kh8 14. Nxf6 h5 15. Nxh5 Nxf3+ 16. Rxf3 Bd4+ 17. Kh1 1-0


[Site "https://www.chess.com"]

[Event "Titled Tuesday Blitz August 08 Late 2023"]
[White "Shapiro, Daniel"]
[Black "Tharushi, T H D Niklesha"]
[WhiteFideId "2001780"]
[BlackFideId "9918264"]
[WhiteElo "2317"]
[BlackElo "2116"]
[Result "1-0"]
[Round "8"]
[TimeControl "180+1"]
[Date "2023.08.08"]
[WhiteClock "0:00:14"]
[BlackClock "0:00:18"]
[Board "130"]

1. d4 Nf6 2. c4 e6 3. g3 Bb4+ 4. Bd2 Qe7 5. Bg2 O-O 6. Nf3 Bxd2+ 7. Qxd2 d6 8. Nc3 e5 9. O-O c6 10. Rfe1 e4 11. Ng5 d5 12. cxd5 cxd5 13. Rac1 Nc6 14. Nh3 Bf5 15. Nf4 Rfd8 16. e3 g5 17. Nfe2 Nb4 18. Nb5 Nd3 19. Rc7 Rd7 20. Rec1 Nxc1 21. Rxc1 a6 22. Nbc3 Qb4 23. b3 Rc8 24. Qb2 Rdc7 25. a3 Qb6 26. Rb1 Bg4 27. Na4 Qb5 28. Nec3 Qd3 29. Bf1 Qxb1 30. Qxb1 Rxc3 31. Nxc3 Rxc3 32. h3 Bf3 33. Qb2 Rc6 34. Bg2 Be2 35. Qxe2 Rb6 36. b4 Rc6 37. Qd2 Nd7 38. Bf1 Nb6 39. Be2 Nc4 40. Bxc4 Rxc4 41. Qb2 h6 42. a4 Kf8 43. Kf1 Ke7 44. Ke2 Kd6 45. Kd2 Ke6 46. Qb3 f5 47. b5 a5 48. b6 Rb4 49. Qc3 Rxb6 50. Qxa5 Ra6 51. Qb5 Ra7 52. Qb6+ Kf7 53. Qxa7 Kg6 54. Qxb7 Kh5 55. Qf7# 1-0


[Site "https://www.chess.com"]

[Event "Titled Tuesday Blitz August 08 Late 2023"]
[White "Maluco_do_Natal_00"]
[Black "Castro Silva, Moises Antonio"]
[BlackFideId "3909794"]
[WhiteElo "2089"]
[BlackElo "2409"]
[Result "1-0"]
[Round "8"]
[TimeControl "180+1"]
[Date "2023.08.08"]
[WhiteClock "0:00:07"]
[BlackClock "0:00:01"]
[Board "131"]

1. e4 c5 2. Nf3 Nc6 3. d4 cxd4 4. Nxd4 Nf6 5. Nc3 e5 6. Ndb5 d6 7. Bg5 a6 8. Bxf6 gxf6 9. Na3 b5 10. Nd5 f5 11. c3 Bg7 12. exf5 Bxf5 13. Nc2 O-O 14. Nce3 Be6 15. Bd3 f5 16. Qh5 e4 17. Bc2 Ne7 18. Bb3 Kh8 19. Rd1 f4 20. Nxe7 Qxe7 21. Nd5 Qb7 22. O-O Rf5 23. Qg4 Re5 24. Qxf4 Bxd5 25. Bxd5 Rxd5 26. Qxe4 Rf8 27. Rxd5 Qa7 28. Rxd6 a5 29. Qd5 Qb8 30. Rd1 Qa7 31. Rd2 Qe7 32. Qe6 Qg5 33. g3 b4 34. Qe3 Qf5 35. cxb4 axb4 36. Rd8 Kg8 37. Rxf8+ Bxf8 38. Qb3+ Kh8 39. Qd5 Qb1+ 40. Kg2 h6 41. Qe5+ Kg8 42. Qe6+ Kg7 43. Rd7+ 1-0


[Site "https://www.chess.com"]

[Event "Titled Tuesday Blitz August 08 Late 2023"]
[White "Osiecki, Stanislaw"]
[Black "Merino Garcia, Rafael II"]
[WhiteFideId "1102990"]
[BlackFideId "2209128"]
[WhiteElo "2014"]
[BlackElo "2258"]
[Result "0-1"]
[Round "8"]
[TimeControl "180+1"]
[Date "2023.08.08"]
[WhiteClock "0:00:26"]
[BlackClock "0:01:14"]
[Board "132"]

1. e4 c6 2. d4 d5 3. e5 c5 4. dxc5 e6 5. Be3 Nd7 6. Nf3 Bxc5 7. Bxc5 Nxc5 8. Be2 Ne7 9. O-O O-O 10. Nd4 Ng6 11. f4 f6 12. exf6 Qxf6 13. g3 Bd7 14. Nc3 Rae8 15. Bf3 Ne7 16. b4 Na6 17. a3 Rc8 18. Qd3 Rc4 19. Nce2 Be8 20. Qe3 Nc7 21. Bg4 Nf5 22. Bxf5 exf5 23. Qe5 Qxe5 24. fxe5 Bh5 25. Rac1 Bxe2 26. Nxe2 Re4 27. Nf4 Rxe5 28. Rfd1 Rd8 29. Rd3 g5 30. Ng2 d4 31. c3 Ne6 32. c4 Re2 33. Rcd1 Kf7 34. Ne1 g4 35. R1d2 Rxe1+ 0-1


[Site "https://www.chess.com"]

[Event "Titled Tuesday Blitz August 08 Late 2023"]
[White "Fernandez Hernandez, Gerardo"]
[Black "Liu, Casper"]
[WhiteFideId "2207400"]
[BlackFideId "1454153"]
[WhiteElo "2227"]
[BlackElo "2441"]
[Result "0-1"]
[Round "8"]
[TimeControl "180+1"]
[Date "2023.08.08"]
[WhiteClock "0:00:36"]
[BlackClock "0:01:41"]
[Board "133"]

1. e4 c6 2. d4 d5 3. e5 Bf5 4. Nd2 e6 5. Nb3 Nd7 6. Nf3 Ne7 7. Be2 Ng6 8. Be3 Be7 9. O-O O-O 10. Rc1 Rc8 11. c4 dxc4 12. Bxc4 b5 13. Bd3 Bxd3 14. Qxd3 Ndxe5 15. Qe4 f5 16. Qb1 Nxf3+ 17. gxf3 Bd6 18. Nc5 Qh4 19. Rfe1 Qh3 20. f4 Nxf4 21. Bxf4 Bxf4 22. Rc2 Rf6 23. Rxe6 Qxh2+ 24. Kf1 Qh1+ 25. Ke2 Rxe6+ 26. Nxe6 Qxb1 0-1


[Site "https://www.chess.com"]

[Event "Titled Tuesday Blitz August 08 Late 2023"]
[White "alfianasybullina"]
[Black "Gyulamiryan-koryun"]
[WhiteElo "2233"]
[BlackElo "2046"]
[Result "1-0"]
[Round "8"]
[TimeControl "180+1"]
[Date "2023.08.08"]
[WhiteClock "0:02:01"]
[BlackClock "0:01:32"]
[Board "134"]

1. Nf3 Nf6 2. g3 g6 3. Bg2 Bg7 4. O-O O-O 5. c4 c6 6. Nc3 e6 7. c5 b6 8. d4 bxc5 9. dxc5 a5 10. Na4 Na6 11. Be3 Nb4 12. Bd4 Nfd5 13. Bxg7 Kxg7 14. e4 Ne7 15. a3 Na6 16. Nb6 d5 17. Nxa8 Nxc5 18. Qd4+ f6 19. Qxc5 Ba6 20. Rfe1 Rf7 21. Nd4 Qxa8 22. Nxe6+ Kg8 23. exd5 cxd5 24. Nc7 Qc6 25. Nxa6 Qxa6 26. Rxe7 Qd3 27. Rxf7 Kxf7 28. Qxd5+ Qxd5 29. Bxd5+ 1-0


[Site "https://www.chess.com"]

[Event "Titled Tuesday Blitz August 08 Late 2023"]
[White "De Arruda, Leandro Formes"]
[Black "Bogumil, Tatiana"]
[WhiteFideId "22722009"]
[BlackFideId "4110579"]
[WhiteElo "2201"]
[BlackElo "2022"]
[Result "0-1"]
[Round "8"]
[TimeControl "180+1"]
[Date "2023.08.08"]
[WhiteClock "0:00:00"]
[BlackClock "0:00:04"]
[Board "135"]

1. d4 Nf6 2. Nf3 c5 3. e3 b6 4. c3 Bb7 5. Nbd2 g6 6. Be2 Bg7 7. O-O O-O 8. a4 Nc6 9. b3 d5 10. Ba3 cxd4 11. cxd4 Rc8 12. Rc1 Re8 13. Bb5 a6 14. Bxc6 Bxc6 15. Qe2 Bb7 16. Ne5 Ne4 17. Nxe4 dxe4 18. Nc4 Bd5 19. Nd2 Bb7 20. Rxc8 Qxc8 21. Rc1 Qd7 22. Nc4 Qe6 23. Nd2 f5 24. g3 Bf6 25. Rc7 Qd5 26. Qc4 Kf8 27. Kf1 h5 28. Ke2 h4 29. Kd1 f4 30. Qxd5 Bxd5 31. gxf4 h3 32. Nc4 Rb8 33. Ne5 Bxb3+ 34. Ke1 Bxa4 35. Nxg6+ Kf7 36. Ne5+ Bxe5 37. Rxe7+ Kg6 38. fxe5 b5 39. Bb4 a5 40. Bxa5 b4 41. Re6+ Kg5 42. Rb6 Rxb6 43. Bxb6 b3 44. Bd8+ Kf5 45. Kd2 b2 46. e6 Kxe6 47. d5+ Kxd5 0-1


[Site "https://www.chess.com"]

[Event "Titled Tuesday Blitz August 08 Late 2023"]
[White "Petersson, Kjell"]
[Black "Upper, John"]
[WhiteFideId "1705148"]
[BlackFideId "2606437"]
[WhiteElo "2188"]
[BlackElo "1949"]
[Result "1-0"]
[Round "8"]
[TimeControl "180+1"]
[Date "2023.08.08"]
[WhiteClock "0:00:46"]
[BlackClock "0:00:45"]
[Board "136"]

1. d4 Nf6 2. Bf4 e6 3. e3 d5 4. Nf3 Bd6 5. Bg3 c5 6. c3 Qc7 7. Nbd2 Nbd7 8. Be2 O-O 9. O-O b6 10. a4 Bb7 11. Nb3 Bxg3 12. hxg3 e5 13. dxe5 Nxe5 14. Nxe5 Qxe5 15. Bf3 Rad8 16. a5 Ba6 17. Re1 Bc4 18. axb6 axb6 19. Nd2 Bd3 20. Nb3 c4 21. Nd4 Rd6 22. Be2 Bxe2 23. Qxe2 Ne4 24. Ra6 Rf6 25. Nf3 Qh5 26. Nd4 Qg5 27. Nf3 Qh5 28. Nh4 Rxf2 29. Qxh5 1-0


[Site "https://www.chess.com"]